 Dungeon Crawl Stone Soup version 0.23-a0-169-gb21e695 (webtiles) character file.

260 Amnesiac the Chiller (level 5, -1/35 HPs)
             Began as a Mummy Ice Elementalist on Sept 11, 2018.
             Was an Initiate of Sif Muna.
             Slain by a mummy (13 damage)
             ... in an ossuary.
             The game lasted 00:07:23 (2879 turns).

Amnesiac the Chiller (Mummy Ice Elementalist)       Turns: 2879, Time: 00:07:24

Health: -1/35      AC:  3    Str: 11    XL:     5   Next: 95%
Magic:  0/11       EV: 11    Int: 15    God:    Sif Muna [......]
Gold:   51         SH:  4    Dex: 13    Spells: 2/12 levels left

rFire    x . .     SeeInvis .   j - +0 falchion
rCold    + . .     Gourm    .   d - +0 buckler
rNeg     + + +     Faith    .   a - +1 robe
rPois    ∞         Spirit   .   (no helmet)
rElec    .         Reflect  .   (no cloak)
rCorr    .         Harm     .   (no gloves)
MR       .....                  (no boots)
Stlth    ++........             (no amulet)
HPRegen  0.11/turn              (no ring)
MPRegen  0.12/turn              (no ring)

@: no status effects
A: no food or potions, fire vulnerability, cold resistance 1, negative energy
resistance 3, torment resistance, unbreathing
a: Renounce Religion


You were in an ossuary.
You worshipped Sif Muna.
Sif Muna was noncommittal.
You were not hungry.

You visited 1 branch of the dungeon, and saw 4 of its levels.
You also visited: Ossuary.

You collected 51 gold pieces.

Inventory:

Hand Weapons
 j - a +0 falchion (weapon)
Missiles
 e - 45 stones (quivered)
 f - 32 sling bullets
Armour
 a - a +1 robe (worn)
 d - a +0 buckler (worn)
Scrolls
 b - a scroll of enchant armour {!r}
 c - a scroll of teleportation {!r}
 g - a scroll of random uselessness {!r, unknown}
 h - a scroll of remove curse {!r}
 i - 2 scrolls of noise {!r}


   Skills:
 - Level 1.5 Dodging
 - Level 1.5 Stealth
 + Level 1.7 Shields
 + Level 4.4 Spellcasting
 - Level 0.7 Conjurations
 * Level 4.5 Ice Magic


You had 2 spell levels left.
You knew the following spells:

 Your Spells              Type           Power        Failure   Level  Hunger
a - Freeze                Ice            ###.         3%          1    N/A
b - Summon Ice Beast      Ice/Summ       ##......     65%         4    N/A
e - Throw Frost           Conj/Ice       ##....       12%         2    N/A
z - Ozocubu's Armour      Chrm/Ice       ##......     26%         3    N/A

Your spell library contained the following spells:

 Spells                   Type           Power        Failure   Level  Hunger
 Throw Icicle             Conj/Ice       ##......     61%         4    N/A

Dungeon Overview and Level Annotations

Branches:
Dungeon (4/15)
 Temple: D:4-7

Altars:
Cheibriados
Fedhas
Sif Muna


Innate Abilities, Weirdness & Mutations

You do not eat or drink.
Your flesh is vulnerable to fire.
You are immune to poison.
Your flesh is cold resistant. (rC+)
You are immune to negative energy. (rN+++)
You are immune to unholy pain and torment.
You can survive without breathing.


Message History

Aim: a mummy (heavily damaged)
You freeze the mummy.
The mummy resists.
The mummy is severely damaged.
You barely miss the mummy.
The mummy is severely damaged.
A mummy comes into view.
You block the mummy's attack.
You barely miss the mummy.
The mummy is severely damaged.
The mummy barely misses you.
You riposte.
You hit the mummy but do no damage.
The mummy is severely damaged.
You hit the mummy.
The mummy is severely damaged.
You hit the mummy.
The mummy is almost destroyed.
The mummy hits you!
Casting: Freeze (safe; 3% risk of failure)
Confirm with . or Enter, or press ? or * to list all spells.
Aiming: Freeze (safe; 3% risk of failure)
Press: ? - help, Shift-Dir - straight line, f/p - mummy
Aim: a mummy (almost destroyed)
You freeze the mummy.
The mummy resists.
The mummy is almost destroyed.
The mummy hits you!
* * * LOW HITPOINT WARNING * * *
You hit the mummy but do no damage.
The mummy is almost destroyed.
You block the mummy's attack.
You barely miss the mummy.
The mummy is almost destroyed.
You hit the mummy.
You destroy the mummy!
Sif Muna accepts your kill.
A centaur zombie comes into view.
There is an open door here.
You block the centaur zombie's attack.
There's a creature in the doorway!
You hit the centaur zombie but do no damage.
The centaur zombie barely misses you.
You hit the centaur zombie but do no damage.
The centaur zombie hits you but does no damage.
The centaur zombie hits you.
* * * LOW HITPOINT WARNING * * *
You hit the centaur zombie.
The centaur zombie is lightly damaged.
The centaur zombie hits you but does no damage.
You hit the mummy.
The mummy is lightly damaged.
Casting: Freeze (safe; 3% risk of failure)
Confirm with . or Enter, or press ? or * to list all spells.
Aiming: Freeze (safe; 3% risk of failure)
Press: ? - help, Shift-Dir - straight line, f - mummy
Aim: a mummy (lightly damaged)
You freeze the mummy.
The mummy resists.
The mummy is lightly damaged.
Casting: Freeze (safe; 3% risk of failure)
Confirm with . or Enter, or press ? or * to list all spells.
Aiming: Freeze (safe; 3% risk of failure)
Press: ? - help, Shift-Dir - straight line, f/p - mummy
Aim: a mummy (lightly damaged)
You freeze the mummy.
The mummy completely resists.
The mummy is lightly damaged.
The mummy hits you!
You die...

## ##. ?M #####
?M #.!.# #^ #!.!#
#. ##.## ###'###
#.### ##.....##
##ZM@#
##.......###..###
#.........#...'.#
+....⌠....'...###
#.........#...'.#
##.......###..###
##.....## ##.'.#
###'### #.### #.#
##.##


You could see a mummy and a centaur zombie.

Vanquished Creatures
  An ogre (D:4)
  3 big kobold zombies (Ossuary)
  4 mummies (Ossuary)
  5 adders
  A worm (D:3)
  A dart slug (D:2)
  A leopard gecko (D:1)
  An orc (D:4)
  A giant cockroach (D:4)
  3 goblins (D:2)
  2 hobgoblins
  A jackal (D:4)
  3 bats
  5 frilled lizards
  A hobgoblin zombie (Ossuary)
  5 kobolds
  4 rats
  A rat zombie (D:4)
43 creatures vanquished.

Notes
Turn   | Place    | Note
-------+----------+-------------------------------------------
     0 | D:1      | Amnesiac the Mummy Ice Elementalist began the quest for the
                  | Orb.
     0 | D:1      | Reached XP level 1. HP: 13/13 MP: 4/4
   372 | D:1      | Reached XP level 2. HP: 10/19 MP: 0/5
   385 | D:1      | Learned a level 2 spell: Throw Frost
   626 | D:2      | Reached XP level 3. HP: 21/24 MP: 3/7
   631 | D:2      | Learned a level 3 spell: Ozocubu's Armour
   695 | D:2      | Found a blossoming altar of Fedhas.
  1108 | D:4      | Noticed a scorpion
  1406 | D:4      | Noticed an ogre
  1426 | D:4      | Found a deep blue altar of Sif Muna.
  1429 | D:4      | Became a worshipper of Sif Muna the Loreminder
  1441 | D:4      | Killed an ogre
  1441 | D:4      | Reached skill level 1 in Shields
  1441 | D:4      | Reached XP level 4. HP: 12/30 MP: 0/10
  1441 | D:4      | Reached XP level 5. HP: 14/35 MP: 0/11
  1509 | D:4      | Learned a level 4 spell: Summon Ice Beast
  1543 | D:4      | Found a snail-covered altar of Cheibriados.
  1634 | D:4      | Found a sand-covered staircase.
  1722 | Ossuary  | Entered an ossuary
  2879 | Ossuary  | Slain by a mummy

Vault maps used:
D:1:      wheals_arrival_linesprint, serial_glass, glass_columns_b,
          glass_columns_a, minmay_misc_feat_rows, minmay_door_square
D:2:      fedhas_altar_3
D:4:      lemuel_blue_sif_altar, first_ration, enter_ossuary_4,
          minmay_misc_feat_iff, chei_slow_surprise, uniq_crazy_yiuf_cottage
Ossuary:  ossuary_crypta

Skill      XL: |  1  2  3 |
---------------+----------+-----
Spellcasting   | 3 4 |  4.4
Ice Magic      | 3 4 |  4.5
Shields        | 1 |  1.7
Dodging        | |  1.5
Stealth        | |  1.5
Conjurations   | |  0.7

Action                   |  1- 3 |  4- 6 || total
-------------------------+-------+-------++-------
Melee: Unarmed           |     2 |       ||     2
       Spear             |    12 |       ||    12
       Falchion          |    17 |    79 ||    96
       War axe           |     1 |       ||     1
 Cast: Freeze            |    44 |    10 ||    54
       Throw Frost       |     3 |    26 ||    29
  Use: Scroll            |     3 |     2 ||     5
 Stab: Sleeping          |     1 |     2 ||     3
Armor: Robe              |    12 |    11 ||    23
Dodge: Dodged            |    51 |    34 ||    85
Block: Buckler           |       |    16 ||    16
       Rpst.: Falchion   |     4 |     9 ||    13

Table legend:
 A = Non-vault XP
 B = Vault XP
 C = Vault XP percentage of total XP
 D = Non-vault monster count
 E = Vault monster count
 F = Vault count percentage of total count
                 A         B        C        D         E       F
            +---------+---------+-------+---------+---------+-------
      Total |     226 |     146 |  39.2 |      34 |       9 |  20.9
            +---------+---------+-------+---------+---------+-------
        D:1 |      12 |       0 |   0.0 |       8 |       0 |   0.0
        D:2 |      40 |       0 |   0.0 |      11 |       0 |   0.0
        D:3 |      28 |       0 |   0.0 |       9 |       0 |   0.0
        D:4 |     146 |       1 |   0.7 |       6 |       1 |  14.3
    Ossuary |       0 |     145 | 100.0 |       0 |       8 | 100.0
            +---------+---------+-------+---------+---------+-------
